 Dungeon Crawl Stone Soup version 0.23-a0-49-gd9f7a49668 (webtiles) character file.

10487 Flugkiller the Blocker (level 11, -6/74 HPs)
             Began as an Octopode Wanderer on Aug 6, 2018.
             Was an Initiate of Gozag.
             Impaled on a porcupine's spines (15 damage)
             ... on level 1 of the Lair of Beasts.
             The game lasted 00:27:39 (15313 turns).

Flugkiller the Blocker (Octopode Wanderer)         Turns: 15313, Time: 00:27:40

Health: -6/74      AC:  1    Str: 10    XL:     11   Next: 62%
Magic:  15/15      EV: 17    Int: 15    God:    Gozag
Gold:   1401       SH: 18    Dex: 16    Spells: 10/10 levels left

rFire    . . .     SeeInvis +   Q - +1 flail (venom)
rCold    . . .     Gourm    .   n - +0 large shield
rNeg     . . .     Faith    .   (helmet restricted)
rPois    .         Spirit   .   N - +3 amulet of reflection
rElec    .         Reflect  +   S - ring of see invisible
rCorr    .         Harm     .   (no ring)
MR       .....                  (no ring)
Stlth    +++.......             (no ring)
HPRegen  0.22/turn              (no ring)
MPRegen  0.14/turn              (no ring)
                                (no ring)
                                (no ring)

@: lethally poisoned (-6 -> -11), gold aura
A: almost no armour, stealthy swim, amphibious, 8 rings, constrict 8, camouflage
1, gelatinous body 1
a: Potion Petition, Call Merchant, Bribe Branch, Renounce Religion


You were on level 1 of the Lair of Beasts.
You worshipped Gozag.
Gozag was most pleased with you.
You were not hungry.

You visited 3 branches of the dungeon, and saw 13 of its levels.

You collected 1543 gold pieces.
You paid 142 gold pieces to Gozag.

Inventory:

Hand Weapons
 a - a +2 short sword
 d - a +0 blowgun
 j - a +5 antimagic mace
 m - a +1 dagger of draining
 o - a cursed -2 hunting sling
 E - a +2 flail of draining
 Q - a +1 flail of venom (weapon)
Missiles
 c - 30 poisoned needles
 r - 196 stones (quivered)
 z - 5 throwing nets
 W - 6 curare-tipped needles
Armour
 n - a +0 large shield (worn)
 P - a +0 robe
Jewellery
 w - an uncursed ring of fire
 A - the ring of Belid {*Corrode +Fly rF+ MR++ Dex+2}
   (You found it on level 7 of the Dungeon)

   [ring of flight]

   It affects your dexterity (+2).
   It protects you from fire.
   It affects your resistance to hostile enchantments.
   It lets you fly.
   It may corrode you when you take damage.
 G - an uncursed ring of ice
 I - an uncursed ring of fire
 N - a +3 amulet of reflection (around mantle)
 S - a ring of see invisible (left tentacle)
 Z - an uncursed amulet of magic regeneration {unknown}
Wands
 k - a wand of scattershot (2)
 l - a wand of clouds (3)
 q - a wand of random effects (34)
 s - a wand of digging (31)
 t - a wand of iceblast (15)
 y - a wand of flame (34)
 M - a wand of polymorph (4)
 T - a wand of disintegration (10)
 X - a wand of acid (5)
Scrolls
 b - 8 scrolls of teleportation
 g - 2 scrolls of enchant weapon
 u - 2 scrolls of fog
 v - a scroll of torment {unknown}
 C - a scroll of remove curse {unknown}
 D - a scroll of magic mapping
 F - a scroll of fear
 K - a scroll of amnesia {unknown}
 L - a scroll of enchant armour {unknown}
 O - a scroll of blinking
 R - a scroll of vulnerability {unknown}
 U - a scroll of silence {unknown}
 Y - a scroll of summoning {unknown}
Potions
 e - a potion of curing
 h - 2 potions of resistance
 i - 2 potions of flight
 p - 3 potions of agility
 x - 3 potions of brilliance
 B - 4 potions of heal wounds
 H - a potion of lignification
 J - a potion of might {unknown}
Comestibles
 f - 18 rations


   Skills:
 + Level 6.4 Fighting
 - Level 3.2 Short Blades
 * Level 9.1 Maces & Flails
 - Level 1.0 Throwing
 - Level 9.5 Dodging
 - Level 3.0 Stealth
 - Level 10.0 Shields
 - Level 6.0 Evocations


You had 10 spell levels left.
You didn't know any spells.
Your spell library contained the following spells:

 Spells                   Type           Power        Failure   Level  Hunger
 Throw Frost              Conj/Ice       #.....       96%         2    ###....
 Freeze                   Ice            #...         88%         1    ##.....
 Summon Ice Beast         Ice/Summ       #.......     100%        4    #####..
 Ozocubu's Armour         Chrm/Ice       #.......     99%         3    ####...
 Throw Icicle             Conj/Ice       #.......     100%        4    #####..


Dungeon Overview and Level Annotations

Branches:
Dungeon (10/15)            Temple (1/1) D:7            Lair (2/6) D:8
    Orc (0/2) D:9
  Swamp: Lair:2-4    Shoals: Lair:2-4     Snake: Lair:2-4    Spider: Lair:2-4

Altars:
Dithmenos
Elyvilon
Gozag
Okawaru
Trog
Zin

Annotations:
D:3 1 runed door
D:8 exclusion: ice statue


Innate Abilities, Weirdness & Mutations

You cannot wear most types of armour.
You are very stealthy in the water. (Stealth+)
You are amphibious.
You can wear up to eight rings at the same time.
You can use your tentacles to constrict eight enemies at once.
Your skin changes colour to match your surroundings (Stealth+).
Your rubbery body absorbs attacks. (AC +1, EV +1)


Message History

The porcupine is engulfed in noxious fumes.
The porcupine appears confused.
The porcupine bites the yak.
The yak is engulfed in noxious fumes.
The yak appears confused.
You thump the water moccasin! You squeeze the water moccasin.
You kill the water moccasin!
You feel sick.
The porcupine is engulfed in noxious fumes.
The porcupine appears confused.
The porcupine runs around in a circle.
You are struck by the porcupine's spines.
* * * LOW HITPOINT WARNING * * *
You sock the porcupine!
The porcupine is heavily wounded.
You feel sick.
The porcupine is engulfed in noxious fumes.
The porcupine appears confused.
The porcupine bites the yak.
The yak is engulfed in noxious fumes.
The yak gores itself!
You are struck by the porcupine's spines.
You die...
Your body crumbles into a pile of gold.

#####...### .#
#.#...# ##
####..## ##..##
###.### ##§§##
##§§## #.Yr##
####@#########
##........#
####.........##
#.......[.....#
####[...........##
#...............#
#...............#
#...............##
#................#


You could see a yak (confused) and a porcupine (confused).

Vanquished Creatures
  A hydra (Lair:1)
  Harold (D:9)
  Sonja (D:10)
  A black mamba (Lair:1)
  A komodo dragon (Lair:1)
  5 blink frogs
  Prince Ribbit (D:8)
  2 hippogriffs
  Sigmund (D:3)
  A yak (D:8)
  A wraith (D:10)
  Edmund (D:5)
  2 water moccasins
  3 porcupines
  2 orc warriors
  2 sky beasts (D:8)
  2 ice beasts
  A necrophage (D:6)
  3 wolves (Lair:1)
  8 ogres
  4 phantoms
  4 centaurs
  A crocodile (Lair:2)
  6 bullfrogs
  A water moccasin skeleton (D:8)
  4 scorpions
  18 killer bees
  3 wights (D:9)
  4 howler monkeys
  3 crimson imps
  2 bullfrog zombies
  2 hounds
  A jelly (D:5)
  2 orc priests
  3 bullfrog skeletons
  9 orc wizards
  Natasha (D:3)
  4 iguanas
  10 worker ants
  Terence (D:3)
  A killer bee zombie (D:4)
  A hound skeleton (D:4)
  2 howler monkey zombies (D:5)
  2 worker ant zombies
  12 adders
  11 gnolls
  2 shadow imps (D:5)
  2 adder zombies
  2 adder skeletons (D:4)
  4 worms
  3 dart slugs
  30 orcs
  10 giant cockroaches
  10 goblins
  10 hobgoblins
  8 jackals
  12 kobolds
  3 quokkas
  2 ball pythons
  6 bats
  4 frilled lizards
  A leopard gecko skeleton (D:6)
  A quokka skeleton (D:4)
  11 rats
273 creatures vanquished.

Vanquished Creatures (others)
  2 fungi (D:8)
  A plant (Lair:2)
3 creatures vanquished.

Grand Total: 276 creatures vanquished

Notes
Turn   | Place    | Note
-------+----------+-------------------------------------------
     0 | D:1      | Flugkiller the Octopode Wanderer began the quest for the Orb.
     0 | D:1      | Flugkiller set off with: a +2 short sword, a scroll of teleportation, 10 poisoned needles, a +0 blowgun, a ration
     0 | D:1      | Reached XP level 1. HP: 18/18 MP: 1/1
    32 | D:1      | Reached XP level 2. HP: 13/24 MP: 2/2
   365 | D:1      | Reached skill level 1 in Dodging
   610 | D:1      | Reached XP level 3. HP: 18/29 MP: 3/3
  1797 | D:2      | Reached XP level 4. HP: 35/35 MP: 4/4
  2374 | D:3      | Noticed Natasha
  2525 | D:3      | Reached XP level 5. HP: 36/39 MP: 5/5
  3095 | D:3      | Noticed Terence
  3125 | D:3      | Noticed Sigmund
  3137 | D:3      | Killed Sigmund
  3137 | D:3      | Reached skill level 5 in Dodging
  3137 | D:3      | Reached XP level 6. HP: 26/45 MP: 6/6
  3277 | D:3      | Killed Terence
  3471 | D:3      | Killed Natasha
  3501 | D:3      | Reached XP level 7. HP: 50/50 MP: 7/7
  3763 | D:3      | Found a runed door.
  4185 | D:5      | Entered Level 5 of the Dungeon
  5665 | D:6      | Found a white marble altar of Elyvilon.
  5701 | D:6      | Reached XP level 8. HP: 55/55 MP: 8/8
  6286 | D:6      | Reached skill level 1 in Shields
  6398 | D:6      | Reached skill level 2 in Shields
  6635 | D:6      | Reached skill level 3 in Shields
  6635 | D:6      | Reached XP level 9. HP: 40/62 MP: 9/9
  6969 | D:7      | Reached skill level 4 in Shields
  6999 | D:7      | Reached skill level 5 in Shields
  7298 | D:7      | Reached skill level 6 in Shields
  7626 | D:7      | Reached skill level 7 in Shields
  8162 | D:7      | Got a serpentine bronze ring
  8163 | D:7      | Identified the ring of Belid {*Corrode +Fly rF+ MR++ Dex+2} (You found it on level 7 of the Dungeon)
  8721 | D:7      | Found a staircase to the Ecumenical Temple.
  8732 | Temple   | Entered the Ecumenical Temple
  8742 | Temple   | Became a worshipper of Gozag Ym Sagoz the Greedy
  8857 | D:5      | Reached skill level 8 in Shields
  8908 | D:5      | Noticed Edmund
  8928 | D:5      | Killed Edmund
  9472 | D:4      | Reached XP level 10. HP: 46/68 MP: 10/10
  9654 | D:4      | Reached skill level 1 in Maces & Flails
  9855 | D:4      | Reached skill level 9 in Shields
 10048 | D:8      | Noticed Prince Ribbit
 10066 | D:8      | Killed Prince Ribbit
 10066 | D:8      | Reached skill level 1 in Evocations
 10586 | D:8      | Noticed an ice statue
 10931 | D:8      | Found a staircase to the Lair.
 11282 | Lair:1   | Entered Level 1 of the Lair of Beasts
 11632 | Lair:1   | Noticed a five-headed hydra
 11656 | Lair:1   | Killed a five-headed hydra
 11656 | Lair:1   | Reached skill level 5 in Maces & Flails
 11702 | Lair:1   | Noticed a black mamba
 11716 | Lair:1   | Killed a black mamba
 11741 | D:8      | Reached XP level 11. HP: 32/72 MP: 14/14
 11950 | D:8      | Reached skill level 10 in Shields
 12175 | Lair:1   | Reached skill level 5 in Evocations
 12921 | D:9      | Noticed Harold
 12923 | D:9      | Found a staircase to the Orcish Mines.
 13303 | D:9      | Killed Harold
 14021 | D:10     | Entered Level 10 of the Dungeon
 14556 | D:10     | Noticed Sonja
 14559 | D:10     | Killed Sonja
 15313 | Lair:1   | Impaled on a porcupine's spines

Vault maps used:
D:1:      dpeg_arrival_oval, minmay_misc_feat_tower
D:2:      roderic_st_hans_cross
D:3:      first_ration, st_stairs_6, item_on_display_a, uniq_terence,
          uniq_natasha, uniq_sigmund, uniq_crazy_yiuf_cottage
D:4:      minmay_hedge_maze
D:5:      uniq_edmund
D:6:      kennysheep_little_box, portal_sewer_entry_a
D:7:      minmay_temple_entry_purple_smoke, grunt_ogre_cave,
          hangedman_decor_growths, nrook_mini_backslash
D:8:      cheibrodos_frozen_isle, grunt_lair_entry_orc_guard_hut,
          uniq_prince_ribbit1
D:9:      orc_0_dummy, uniq_harold
D:10:     uniq_sonja
Temple:   compressed_dpeg_circular_temple
Lair:2:   wad_woods_06, eino_small_chamber_without_monster, serial_bayou_pond_d,
          ldierk_geyser, minivault_26, uniq_erica

Skill      XL: |  1  2  3  4  5  6  7  8  9 10 11 |
---------------+----------------------------------+-----
Stealth        | 2 3 |  3.0
Dodging        | 1 2 4 5 6 8 9 |  9.5
Shields        | 3 8 9 10 | 10.0
Fighting       | 6 |  6.4
Maces & Flails | 6 9 |  9.1
Evocations     | 4 6 |  6.0
Short Blades   | |  3.2
Throwing       | |  1.0

Action                   |  1- 3 |  4- 6 |  7- 9 | 10-12 || total
-------------------------+-------+-------+-------+-------++-------
Melee: Short sword       |    85 |    19 |    68 |       ||   172
       Tentacles         |    12 |    28 |    86 |    85 ||   211
       Constrict         |    20 |    29 |    65 |    68 ||   182
       Dagger            |       |    92 |   339 |       ||   431
       Flail             |       |       |     6 |   370 ||   376
Throw: Stone             |       |       |       |     1 ||     1
Evoke: Wand              |       |       |       |     8 ||     8
  Use: Scroll            |     4 |       |     7 |     3 ||    14
       Potion            |       |       |     2 |       ||     2
 Stab: Sleeping          |    14 |     7 |    10 |    10 ||    41
       Distracted        |       |       |       |     1 ||     1
  Eat: Chunk             |     3 |     5 |    16 |       ||    24
       Ration            |       |       |     1 |     6 ||     7
Armor: Skin              |     2 |     1 |     7 |     8 ||    18
Dodge: Dodged            |    48 |    50 |   215 |   133 ||   446
Block: Large shield      |       |       |   131 |   339 ||   470
       Reflection        |       |       |       |     4 ||     4

Table legend:
 A = Spawn XP
 B = Non-spawn XP
 C = Spawn XP percentage of total XP
 D = Spawn monster count
 E = Non-spawn monster count
 F = Spawn count percentage of total count
 G = Total turns spent on level
                    A         B        C        D         E        F      G
               +---------+---------+-------+---------+---------+-------+---------
         Total |       0 |   14982 |   0.0 |       0 |     273 |   0.0 | 15313
               +---------+---------+-------+---------+---------+-------+---------
           D:1 |       0 |      51 |   0.0 |       0 |      29 |   0.0 |  1238
           D:2 |       0 |     101 |   0.0 |       0 |      30 |   0.0 |  1181
           D:3 |       0 |     469 |   0.0 |       0 |      32 |   0.0 |  1642
           D:4 |       0 |     405 |   0.0 |       0 |      17 |   0.0 |   660
           D:5 |       0 |    1040 |   0.0 |       0 |      28 |   0.0 |  1851
           D:6 |       0 |    1369 |   0.0 |       0 |      28 |   0.0 |  1776
           D:7 |       0 |    1604 |   0.0 |       0 |      26 |   0.0 |  1656
           D:8 |       0 |    2529 |   0.0 |       0 |      21 |   0.0 |  1897
           D:9 |       0 |    2049 |   0.0 |       0 |      25 |   0.0 |   940
          D:10 |       0 |    1783 |   0.0 |       0 |      23 |   0.0 |  1123
        Lair:1 |       0 |    3332 |   0.0 |       0 |      12 |   0.0 |  1261
        Lair:2 |       0 |     250 |   0.0 |       0 |       2 |   0.0 |    67
               +---------+---------+-------+---------+---------+-------+---------
